 Dungeon Crawl Stone Soup version 0.31-a0-236-g9a0961fb85 (webtiles) character file.

Game seed: 7227759016662771850

64 garrulousMonolith the Firebug (level 4, -4/32 HPs)
             Began as a Gnoll Fire Elementalist on July 11, 2023.
             Was an Initiate of Ashenzari.
             Killed from afar by Terence (6 damage)
             ... with a puff of flame
             ... on level 2 of the Dungeon.
             The game lasted 00:02:31 (2054 turns).

garrulousMonolith the Firebug (GnFE)                Turns: 2054, Time: 00:02:32

Health: -4/32      AC:  4    Str:  8    XL:     4   Next: 12%
Magic:  11/11      EV: 17    Int: 16    God:    Ashenzari [......]
Gold:   84         SH:  3    Dex: 12    Spells: 10/13 levels left

rFire   . . .        d - +0 rapier
rCold   . . .        g - +0 buckler
rNeg    . . .        e - +0 leather armour
rPois   .            (no helmet)
rElec   .            (no cloak)
rCorr   .            (no gloves)
SInv    .            k - +0 pair of boots
Will    +....        (no amulet)
Stlth   +            h - +5 ring of evasion
HPRegen 0.25/turn    (no ring)
MPRegen 0.12/turn

%: no passive effects
@: silenced, attractive, enlightened, flying
A: fangs 1, strong nose, distributed training
a: Renounce Religion


You were on level 2 of the Dungeon.
You worshipped Ashenzari.
Ashenzari was noncommittal.
You visited 1 branch of the dungeon, and saw 4 of its levels.

You collected 84 gold pieces.

Inventory:

Hand Weapons
 d - a +0 rapier (weapon)
Missiles
 f - 2 boomerangs
 m - 6 poisoned darts
Armour
 e - a +0 leather armour (worn)
 g - a +0 buckler (worn)
 k - a +0 pair of boots (worn)
Jewellery
 h - a +5 ring of evasion (left hand)
Scrolls
 a - a scroll of revelation {unknown}
 c - a scroll of identify {unknown}
 j - 2 scrolls of amnesia {unknown}
 l - a scroll of enchant armour {unknown}
 n - a scroll of enchant weapon {unknown}
 o - a scroll of fear {unknown}
Potions
 p - a potion of enlightenment


   Skills:
 + Level 1.1 Fighting
 + Level 1.1 Short Blades
 + Level 1.1 Long Blades
 + Level 1.1 Axes
 + Level 1.1 Maces & Flails
 + Level 1.1 Polearms
 + Level 1.1 Staves
 + Level 1.1 Ranged Weapons
 + Level 1.1 Throwing
 + Level 1.1 Armour
 + Level 4.6 Dodging
 + Level 4.2 Stealth
 + Level 1.1 Shields
 + Level 1.1 Unarmed Combat
 + Level 5.0 Spellcasting
 + Level 2.2 Conjurations
 + Level 0.8 Hexes
 + Level 0.8 Summonings
 + Level 0.8 Necromancy
 + Level 0.8 Translocations
 + Level 0.8 Transmutations
 + Level 5.4 Fire Magic
 + Level 0.8 Ice Magic
 + Level 0.8 Air Magic
 + Level 0.8 Earth Magic
 + Level 0.8 Poison Magic
 + Level 1.2 Invocations
 + Level 1.1 Evocations


You had 10 spell levels left.
You knew the following spells:

 Your Spells              Type           Power      Damage    Failure   Level
a - Foxfire               Conj/Fire      64%        2x1d7     7%          1
b - Scorch                Fire           42%        2d6       5%          2

Your spell library contained the following spells:

 Spells                   Type           Power      Damage    Failure   Level
 Inner Flame              Hex/Fire       14%        N/A       28%         3
 Volatile Blastmotes      Fire/Tloc      28%        2d12      28%         3
 Flame Wave               Conj/Fire      16%        2d7       56%         4
 Frozen Ramparts          Ice            12%        1d2       58%         3
 Ice Form                 Ice/Tmut       6%         N/A       94%         4
 Summon Ice Beast         Ice/Summ       6%         N/A       94%         4


Dungeon Overview and Level Annotations

Branches:
Dungeon (4/15)
 Temple: D:4-7

Altars:
Ashenzari
Dithmenos
Fedhas
Makhleb
Ru
Sif Muna
Vehumet
Wu Jian

Annotations:
D:2 Terence


Innate Abilities, Weirdness & Mutations

You have very sharp teeth.
Your uncanny sense of smell can sniff out nearby items.
Your experience applies equally to all skills.


Message History

The foxfire hits Terence.
Terence is moderately wounded.
The foxfire hits Terence.
Terence is heavily wounded.
Terence hits you with a +2 short sword of protection.
Casting: Foxfire (safe; 7% risk of failure)
Confirm with . or Enter, or press ? or * to list all spells.
You conjure some foxfire!
Terence barely misses you.
The foxfire hits Terence but does no damage.
Terence is heavily wounded.
The foxfire hits Terence.
Terence is severely wounded.
Terence zaps a wand.
The puff of flame misses you.
Casting: Foxfire (safe; 7% risk of failure)
Confirm with . or Enter, or press ? or * to list all spells.
Flames lash the dart slug.
You kill the dart slug!
Terence zaps a wand.
The puff of flame hits you!
* * * LOW HITPOINT WARNING * * *
Terence drinks a potion.
Terence is healed!
Magic courses through your body. You block Terence's attack.
Casting: Scorch (safe; 5% risk of failure)
Confirm with . or Enter, or press ? or * to list all spells.
You don't know that spell.
Casting: Scorch (safe; 5% risk of failure)
Confirm with . or Enter, or press ? or * to list all spells.
Okay, then.
As you read the scroll labelled LAUGRI KOOCZOETH, it crumbles to dust.
A profound silence engulfs you.
It was a scroll of silence.
Terence hits you with a +2 short sword of protection.
* * * LOW HITPOINT WARNING * * *
Terence zaps a wand.
The puff of flame hits you.
* * * LOW HITPOINT WARNING * * *
It was a potion of enlightenment.
You feel very buoyant.
You fly up into the air.
It was a potion of attraction.
You feel attractive to monsters.
Terence zaps a wand.
The puff of flame hits you.
You die...

.## #..# ..# #..# .##
#############..# .#
#..............# .#
#.###########..# .# #.#
#..# .# #.# #).#####.# .#
#.###########.........
.#####...(......@@..#####.#
.............#####.##
.#####..####.# #.# .# #..#
#.# .# #..# #.# .###
#..####.# #.#
...###........ ...
##......###### ### #.######


You could see Terence.

Vanquished Creatures
  2 dart slugs
  An orc (D:3)
  4 ball pythons (D:1)
  9 endoplasms
  5 giant cockroaches
  8 goblins
  7 hobgoblins
  4 bats
  A frilled lizard (D:1)
  3 kobolds (D:1)
  5 rats
49 creatures vanquished.

Vanquished Creatures (others)
  137 foxfires
137 creatures vanquished.

Grand Total: 186 creatures vanquished

Notes
Turn   | Place    | Note
-------+----------+-------------------------------------------
     0 | D:1      | garrulousMonolith the Gnoll Fire Elementalist began the
                  | quest for the Orb.
     0 | D:1      | Reached XP level 1. HP: 13/13 MP: 6/6
   280 | D:1      | Reached XP level 2. HP: 19/19 MP: 2/7
   335 | D:1      | Learned a level 2 spell: Scorch
   787 | D:1      | Reached skill level 5 in Spellcasting
   787 | D:1      | Reached XP level 3. HP: 25/25 MP: 5/9
  1268 | D:2      | Reached skill level 1 in Invocations
  1564 | D:2      | You fall into a shaft and drop 2 floors!
  1584 | D:4      | Reached skill level 1 in Fighting
  1584 | D:4      | Reached skill level 1 in Short Blades
  1584 | D:4      | Reached skill level 1 in Long Blades
  1584 | D:4      | Reached skill level 1 in Axes
  1584 | D:4      | Reached skill level 1 in Maces & Flails
  1584 | D:4      | Reached skill level 1 in Polearms
  1584 | D:4      | Reached skill level 1 in Staves
  1584 | D:4      | Reached skill level 1 in Ranged Weapons
  1584 | D:4      | Reached skill level 1 in Throwing
  1584 | D:4      | Reached skill level 1 in Armour
  1584 | D:4      | Reached skill level 1 in Shields
  1584 | D:4      | Reached skill level 1 in Unarmed Combat
  1584 | D:4      | Reached skill level 1 in Evocations
  1684 | D:3      | Found a sacrificial altar of Ru.
  1685 | D:3      | Found a shadowy altar of Dithmenos.
  1685 | D:3      | Found a broken altar of Ashenzari.
  1687 | D:3      | Found an ornate altar of the Wu Jian Council.
  1687 | D:3      | Found a shimmering blue altar of Sif Muna.
  1771 | D:3      | Found a burning altar of Makhleb.
  1771 | D:3      | Found a blossoming altar of Fedhas.
  1772 | D:3      | Found a radiant altar of Vehumet.
  1775 | D:3      | Became a worshipper of Ashenzari the Shackled
  1871 | D:2      | Reached XP level 4. HP: 32/32 MP: 8/11
  2033 | D:2      | Noticed Terence
  2051 | D:2      | HP: 1/32 [Terence/puff of flame (4)]
  2054 | D:2      | Killed from afar by Terence

Illustrated notes

Levels and vault maps discovered:
D:1:      reono_arrival_mine, layout_loops_cross
D:2:      minmay_spotlight, layout_loops_ring, minmay_misc_feat_x, uniq_terence,
          uniq_crazy_yiuf_cottage
D:3:      gammafunk_wand_slinger, layout_basic, grunt_temple_overflow_open,
          kennysheep_generic_room_6
D:4:      layout_basic, uniq_blork_the_orc, uniq_menkaure

Skill      XL: |  1  2  3 |
---------------+----------+-----
Conjurations   | 2 |  2.2
Spellcasting   | 5 |  5.0
Invocations    | 1 |  1.2
Fighting       | 1 |  1.1
Short Blades   | 1 |  1.1
Long Blades    | 1 |  1.1
Axes           | 1 |  1.1
Maces & Flails | 1 |  1.1
Polearms       | 1 |  1.1
Staves         | 1 |  1.1
Ranged Weapons | 1 |  1.1
Throwing       | 1 |  1.1
Armour         | 1 |  1.1
Shields        | 1 |  1.1
Unarmed Combat | 1 |  1.1
Evocations     | 1 |  1.1
Dodging        | |  4.6
Stealth        | |  4.2
Hexes          | |  0.8
Summonings     | |  0.8
Necromancy     | |  0.8
Translocations | |  0.8
Transmutations | |  0.8
Fire Magic     | |  5.4
Ice Magic      | |  0.8
Air Magic      | |  0.8
Earth Magic    | |  0.8
Poison Magic   | |  0.8

Action                     |  1- 3 |  4- 6 || total
---------------------------+-------+-------++-------
  Melee: Rapier            |     1 |       ||     1
   Cast: Foxfire           |    81 |     9 ||    90
         Scorch            |     5 |     4 ||     9
    Use: Potion            |       |     3 ||     3
         Scroll            |       |     1 ||     1
 Armour: Leather armour    |     3 |     2 ||     5
  Dodge: Dodged            |    13 |     7 ||    20
  Block: Buckler           |     3 |     2 ||     5

Table legend: (Time is in decaauts)
 A = Elapsed time spent in this place.
 B = Non-inter-level travel time spent in this place.
 C = Inter-level travel time spent in this place.
 D = Time resting spent in this place.
 E = Time spent auto-exploring this place.
 F = Levels seen in this place.
 G = Mean time per level.
                   A        B        C        D        E       F      G
               +--------+--------+--------+--------+--------+-----+--------+
         Total |   2052 |   2032 |     20 |    133 |   1473 |   4 |  513.0 |
       Dungeon |   2052 |   2032 |     20 |    133 |   1473 |   4 |  513.0 |
               +--------+--------+--------+--------+--------+-----+--------+

Top non-repeatable levels by time:
     D:1: 1234 daAuts
     D:2: 604 daAuts
     D:3: 158 daAuts
     D:4: 55 daAuts
